 Dungeon Crawl Stone Soup version 0.30.1-1-g62c8e00024 (webtiles) character file.

Game seed: 8897728722244669524

4 LynnLen the Sneak (level 1, -1/9 HPs)
             Began as a Spriggan Enchanter on July 15, 2023.
             Slain by a gnoll
             ... wielding a +0 flail
              (10 damage)
             ... on level 1 of the Dungeon.
             The game lasted 00:00:55 (161 turns).

LynnLen the Sneak (Spriggan Enchanter)               Turns: 161, Time: 00:00:56

Health: -1/9       AC:  2    Str:  4    XL:     1   Next: 50%
Magic:  5/5        EV: 17    Int: 16    God:
Gold:   15         SH:  0    Dex: 15    Spells: 5/5 levels left

rFire   x . .        a - +1 dagger
rCold   + . .        (no shield)
rNeg    . . .        b - +0 robe
rPois   .            (helmet restricted)
rElec   .            (no cloak)
rCorr   .            (gloves unavailable)
SInv    +            (boots unavailable)
Will    .....        (no amulet)
Stlth   +++          e - ring of ice
HPRegen 0.21/turn    (no ring)
MPRegen 0.09/turn

%: no passive effects
@: very quick
A: very small, no large weapons, unfitting armour, see invisible, speed 3
a: no special abilities


You were on level 1 of the Dungeon.
You visited 1 branch of the dungeon, and saw 1 of its levels.

You collected 15 gold pieces.

Inventory:

Hand Weapons
 a - a +1 dagger (weapon)
Missiles
 d - 3 poisoned darts (quivered)
Armour
 b - a +0 robe (worn)
Jewellery
 e - a ring of ice (left hand)
Potions
 c - 2 potions of invisibility


   Skills:
 + Level 1.1 Short Blades
 + Level 2.7 Dodging
 + Level 4.4 Stealth
 + Level 2.8 Spellcasting
 + Level 3.6 Hexes
 + Level 0.1 Ice Magic
 + Level 0.1 Invocations
 + Level 0.2 Evocations


You had 5 spell levels left.
You didn't know any spells.
Your spell library contained the following spells:

 Spells                   Type           Power      Damage    Failure   Level
 Ensorcelled Hibernation  Hex/Ice        24%        N/A       13%         2
 Confusing Touch          Hex            14%        N/A       13%         3
 Tukima's Dance           Hex            14%        N/A       13%         3
 Dazzling Flash           Conj/Hex       16%        N/A       26%         3


Dungeon Overview and Level Annotations

Branches:
Dungeon (1/15)

Altars:


Innate Abilities, Weirdness & Mutations

You are very small and have problems with some larger weapons.
You are too small for most types of armour.
You have supernaturally acute eyesight. (SInv)
You cover ground extremely quickly. (Speed+++)


Message History

Found an escape hatch in the floor.
You open the door.
A dart slug comes into view.
There is an open door here.
You hit the dart slug.
The dart slug is lightly wounded.
The dart slug launches a dart at you. The slug dart misses you.
You hit the dart slug.
The dart slug is moderately wounded.
You hit the dart slug.
The dart slug is severely wounded.
The dart slug bites you.
You hit the dart slug.
The dart slug is almost dead.
The dart slug misses you.
You hit the dart slug.
You kill the dart slug!
You see here a dart slug corpse.
Found a shiny sapphire ring.
e - a ring of ice You feel more attuned to ice.
e - a ring of ice (left hand)
A rat comes into view.
A rat is nearby!
You hit the rat but do no damage. The rat misses you.
You closely miss the rat. The rat bites you but does no damage.
You closely miss the rat. The rat barely misses you.
You closely miss the rat. The rat misses you.
You hit the rat.
The rat is heavily wounded.
The rat bites you but does no damage.
You hit the rat.
You kill the rat!
A gnoll comes into view. It is wielding a +0 flail.
The gnoll shouts!
You completely miss the gnoll. The gnoll completely misses you.
You closely miss the gnoll. The gnoll hits you with a +0 flail!
Ouch! That really hurt!
You die...

#....##.#.....
#####.#.###†##....
#...........###...
#.###..###### ##..
#.###..# ##+
#.##...#
#.##...########
#g##..........#
#@##.#.######.#
#.##.#.# #.#
#......# #.#
####.#.#### #.#
#......###.###.
###.##.........
#........####
##########


You could see a gnoll.

Vanquished Creatures
  A dart slug (D:1)
  2 rats (D:1)
3 creatures vanquished.

Notes
Turn   | Place    | Note
-------+----------+-------------------------------------------
     0 | D:1      | LynnLen the Spriggan Enchanter began the quest for the Orb.
     0 | D:1      | Reached XP level 1. HP: 9/9 MP: 5/5
   161 | D:1      | Slain by a gnoll

Illustrated notes

Levels and vault maps discovered:
D:1:      kennysheep_arrival_seaside, layout_loops_corners, nrook_campfire

Action                     || total
---------------------------++-------
  Melee: Dagger            ||    20
 Armour: Robe              ||     3
  Dodge: Dodged            ||    10
